 Dungeon Crawl Stone Soup version 0.26-a0-612-gd4d190f (webtiles) character file.

Game seed: 18348863253156797513

8962 Hazorath the Grappler (level 11, -10/73 HPs)
             Began as a Kobold Fighter on Sept 8, 2020.
             Was an Elder of Qazlal.
             Mangled by a bone dragon (11 damage)
             ... on level 2 of the Abyss on Sept 9, 2020.
             The game lasted 00:39:25 (15490 turns).

Hazorath the Grappler (Kobold Fighter)             Turns: 15490, Time: 00:39:26

Health: -10/73     AC: 14    Str: 22    XL:     11   Next: 65%
Magic:  16/16      EV:  8    Int: 10    God:    Qazlal [****..]
Gold:   709        SH:  5    Dex: 15    Spells: 0/10 levels left

rFire    . . .     SeeInvis .     - Unarmed
rCold    . . .     Faith    .   (shield restricted)
rNeg     . . .     Spirit   .   H - +0 plate armour
rPois    +         Reflect  .   c - +1 helmet
rElec    .         Harm     .   x - +0 cloak
rCorr    .                      (no gloves)
MR       .....                  (no boots)
Stlth    ..........             (no amulet)
HPRegen  0.22/turn              l - ring of poison resistance
MPRegen  0.15/turn              G - +6 ring of strength

@: about to teleport, repel missiles
A: small, nightstalker 3
a: Upheaval, Elemental Force, Renounce Religion


You were on level 2 of the Abyss.
You worshipped Qazlal.
Qazlal was greatly pleased with you.
You visited 1 branch of the dungeon, and saw 10 of its levels.
You visited the Abyss 1 time.
You also visited: Sewer and Ossuary.

You collected 709 gold pieces.

Inventory:

Hand Weapons
 a - the +3 sling "Punk" {acid, rCorr}
   (You acquired it on level 9 of the Dungeon)

   It provides partial protection from all sources of acid and corrosion.
Missiles
 m - 79 sling bullets
 r - 21 bolts
 t - 11 atropa-tipped darts
 B - 15 poisoned darts (quivered)
Armour
 c - a +1 helmet (worn)
 n - a scarf of resistance
 s - +0 steam dragon scales
 x - a +0 cloak (worn)
 H - a +0 plate armour (worn)
Jewellery
 k - a +6 ring of dexterity
 l - a ring of poison resistance (left hand)
 o - a +6 ring of intelligence
 D - an uncursed ring of magical power
 G - a +6 ring of strength (right hand)
Wands
 f - a wand of flame (54)
 E - a wand of acid (17)
 I - a wand of polymorph (8)
 J - a wand of enslavement (3)
 K - a wand of random effects (16)
 M - a wand of paralysis (7)
Scrolls
 b - 6 scrolls of enchant weapon
 d - 3 scrolls of amnesia
 h - 5 scrolls of remove curse
 v - 2 scrolls of magic mapping
 w - 3 scrolls of teleportation
 y - 2 scrolls of blinking
 A - 2 scrolls of enchant armour
 F - a scroll of fog
 L - 2 scrolls of acquirement
 N - 2 scrolls of identify
Potions
 e - a potion of lignification
 g - 4 potions of stabbing
 i - 5 potions of curing
 j - 4 potions of flight
 p - 2 potions of magic
 q - a potion of cancellation
 u - 2 potions of ambrosia
 z - 2 potions of brilliance
 C - 2 potions of haste {unknown}


   Skills:
 + Level 10.6 Fighting
 - Level 2.4 Armour
   Level 2.4 Shields
 * Level 13.0 Unarmed Combat
 * Level 1.3 Transmutations
 + Level 7.0 Invocations


You couldn't memorise any spells.
You knew the following spells:

 Your Spells              Type           Power        Failure   Level
a - Blade Hands           Tmut           #.........   100%        5
b - Beastly Appendage     Tmut           #.....       99%         1
c - Ice Form              Ice/Tmut       #.......     100%        4

Your spell library contained the following spells:

 Spells                   Type           Power        Failure   Level
 Animate Skeleton         Necr           #.....       100%        1
 Apportation              Tloc           #.....       100%        1
 Corona                   Hex            #......      100%        1
 Sandblast                Erth           #.....       100%        1
 Summon Small Mammal      Summ           #...         100%        1
 Passwall                 Tmut/Erth      #.......     100%        2
 Wereblood                Tmut           #.......     100%        2
 Spider Form              Tmut/Pois      #.........   100%        3
 Stone Arrow              Conj/Erth      #.....       100%        3
 Petrify                  Tmut/Erth      #.......     100%        4
 Lee's Rapid Deconstruct  Erth           #.........   100%        5


Dungeon Overview and Level Annotations

Branches:
Dungeon (10/15)            Temple (0/1) D:6            Lair (0/6) D:9
  Sewer (visited)         Ossuary (visited)
    Orc: D:9-12

Altars:
Ashenzari
Gozag
Kikubaaqudgha
Okawaru
Qazlal
Ru
Sif Muna
Uskayaw
Xom
Zin
The Shining One

Annotations:
D:4 Grinder
D:5 Prince Ribbit
D:7 exclusion: ice statue
D:10 Erolcha


Innate Abilities, Weirdness & Mutations

You are small and have problems with some larger weapons.
You are completely attuned to the shadows.


Message History

The bone dragon bites you but does no damage.
The bone dragon claws you!
* * * LOW HITPOINT WARNING * * *
The bone dragon closely misses you.
Okay, then.
Press: ? - help, v - describe, . - travel
Here: a bone dragon The floor.
Evoke which item? (* to show all) (? for menu, Esc to quit)
Aiming: Paralyse
Press: ? - help, Shift-Dir - straight line, f - bone dragon
Aim: a bone dragon (chance to defeat MR: 1%)
Okay, then.
Evoke which item? (* to show all) (? for menu, Esc to quit)
Okay, then.
Unknown command.
You feel better. The bone dragon bites you!!
* * * LOW HITPOINT WARNING * * *
The bone dragon claws you!
You die...

# .## . .#
..... .####
##.# . . #. #
. . ## ..#
.##.# ###
...#...##
#.#..#@# . ..
#... .. #.D##.
.. #.#.. #.
##ยง.).. ..
###
#.##.x....#.
..#...
x..#..##..#
..#
.##..###2#....
# . ..
#..#.....#. .
###...#..#. .
#.. .#.##....#


You could see a bone dragon and a small abomination.

Vanquished Creatures
  A two-headed ogre (D:8)
  3 death yaks
  Joseph (D:7)
  Psyche (D:9)
  Maggie (D:9)
  3 trolls
  A hippogriff (D:9)
  A yak (D:8)
  Duvessa (D:4)
  2 sky beasts
  An ice beast (D:10)
  2 phantoms
  4 orc warriors
  An eye of draining (D:10)
  4 ogres
  7 centaurs
  A big kobold (Sewer)
  6 bullfrogs
  Dowan (D:4)
  3 scorpions
  3 wights (D:8)
  A centaur zombie (Ossuary)
  A quasit (D:7)
  2 bullfrog zombies (Ossuary)
  2 hounds
  A jelly (D:6)
  A gnoll shaman (D:9)
  3 orc priests
  13 orc wizards
  2 centaur skeletons (D:4)
  Jessica (D:2)
  Ijyb (D:3)
  6 iguanas
  6 worker ants
  2 hell rats (D:9)
  2 hound zombies (Ossuary)
  3 hound skeletons
  17 mummies
  5 worker ant zombies
  2 howler monkey zombies
  Robin (D:2)
  3 gnolls (D:2)
  19 adders
  4 shadow imps
  2 white imps
  2 ufetubi
  3 adder zombies
  2 adder skeletons
  2 worms
  2 dart slugs
  A leopard gecko (D:4)
  57 orcs
  2 giant cockroaches
  17 goblins
  11 hobgoblins
  14 jackals
  8 quokkas
  2 ball pythons
  4 bats
  5 frilled lizards
  A giant cockroach zombie (Ossuary)
  10 kobolds
  2 kobold zombies (D:6)
  A quokka skeleton (D:6)
  5 quokka zombies
  11 rats
310 creatures vanquished.

Vanquished Creatures (others)
  4 plants (D:3)
  8 withered plants (Ossuary)
12 creatures vanquished.

Grand Total: 322 creatures vanquished

Notes
Turn   | Place    | Note
-------+----------+-------------------------------------------
     0 | D:1      | Hazorath the Kobold Fighter began the quest for the Orb.
     0 | D:1      | Reached XP level 1. HP: 14/14 MP: 1/1
   165 | D:1      | Reached XP level 2. HP: 17/19 MP: 2/2
   576 | D:1      | Reached XP level 3. HP: 19/24 MP: 3/3
   851 | D:1      | Reached skill level 3 in Unarmed Combat
  1613 | D:2      | Noticed a sky beast
  1628 | D:2      | Killed a sky beast
  1628 | D:2      | Reached skill level 4 in Unarmed Combat
  1628 | D:2      | Reached XP level 4. HP: 8/30 MP: 4/4
  1628 | D:2      | Reached XP level 5. HP: 9/34 MP: 5/5
  2352 | D:2      | Reached XP level 6. HP: 32/39 MP: 6/6
  2419 | D:2      | Found a glowing golden altar of the Shining One.
  2420 | D:2      | Noticed Jessica
  2424 | D:2      | Killed Jessica
  2424 | D:2      | Reached skill level 5 in Unarmed Combat
  2656 | D:2      | Noticed Robin
  3073 | D:2      | Killed Robin
  3319 | D:3      | Noticed Ijyb
  3382 | D:3      | Killed Ijyb
  3382 | D:3      | Reached skill level 5 in Fighting
  3449 | D:3      | Found a glowing drain.
  3517 | Sewer    | Entered a sewer
  3646 | Sewer    | Reached XP level 7. HP: 44/44 MP: 7/7
  3663 | Sewer    | Reached skill level 6 in Unarmed Combat
  3848 | Sewer    | Found a white marble altar of Elyvilon.
  5355 | D:4      | Found a shimmering blue altar of Sif Muna.
  5676 | D:4      | Noticed Dowan
  5676 | D:4      | Noticed Duvessa
  5815 | D:4      | Killed Duvessa
  5815 | D:4      | Reached skill level 7 in Unarmed Combat
  5815 | D:4      | Reached XP level 8. HP: 51/51 MP: 8/8
  6097 | D:4      | Noticed Grinder
  6311 | D:4      | Killed Dowan
  6536 | D:4      | Found a stormy altar of Qazlal.
  6536 | D:4      | Found a shattered altar of Ashenzari.
  6536 | D:4      | Found an ancient bone altar of Kikubaaqudgha.
  6684 | D:4      | Became a worshipper of Qazlal Stormbringer
  6706 | D:5      | Entered Level 5 of the Dungeon
  7233 | D:5      | Noticed Prince Ribbit
  7258 | D:5      | HP: 2/52 [Prince Ribbit (8)]
  7490 | D:5      | Reached skill level 8 in Unarmed Combat
  8213 | D:6      | Found a sand-covered staircase.
  8220 | Ossuary  | Entered an ossuary
  8263 | Ossuary  | Reached * piety under Qazlal
  8317 | Ossuary  | Reached XP level 9. HP: 52/57 MP: 9/9
  8394 | Ossuary  | Reached skill level 9 in Unarmed Combat
  8780 | Ossuary  | Reached ** piety under Qazlal
  9096 | D:6      | Found a staircase to the Ecumenical Temple.
  9390 | D:6      | Found a hide-covered altar of Uskayaw.
  9566 | D:6      | Reached skill level 1 in Invocations
  9789 | D:6      | Reached skill level 10 in Unarmed Combat
 10134 | D:7      | Noticed an ice statue
 10498 | D:7      | Noticed Joseph
 10520 | D:7      | Killed Joseph
 10520 | D:7      | Reached *** piety under Qazlal
 10520 | D:7      | Reached XP level 10. HP: 38/65 MP: 10/12
 11696 | D:8      | Reached skill level 11 in Unarmed Combat
 11916 | D:8      | Found an iron altar of Okawaru.
 11919 | D:8      | Found a sacrificial altar of Ru.
 11920 | D:8      | Found a glowing silver altar of Zin.
 11921 | D:8      | Found an opulent altar of Gozag.
 11926 | D:8      | Found a shimmering altar of Xom.
 12640 | D:9      | Noticed Maggie
 12649 | D:9      | Killed Maggie
 12663 | D:9      | Noticed Psyche
 12664 | D:9      | Reached **** piety under Qazlal
 12672 | D:9      | Killed Psyche
 12692 | D:9      | Reached skill level 5 in Invocations
 12848 | D:9      | Noticed a two-headed ogre
 13483 | D:8      | Killed a two-headed ogre
 13483 | D:8      | Reached skill level 10 in Fighting
 13483 | D:8      | Reached skill level 12 in Unarmed Combat
 13483 | D:8      | Reached XP level 11. HP: 23/72 MP: 10/15
 14144 | D:9      | Identified 3 scrolls of acquirement
 14144 | D:9      | Acquired the +3 sling "Punk" {acid, rCorr}
 14145 | D:9      | Found the +3 sling "Punk" {acid, rCorr}
 14163 | D:9      | Noticed a death yak
 14163 | D:9      | Noticed a death yak
 14169 | D:9      | Noticed a death yak
 14170 | D:9      | Killed a death yak
 14472 | D:8      | Killed a death yak
 14729 | D:9      | Found a staircase to the Lair.
 14815 | D:9      | Killed a death yak
 14855 | D:9      | Learned a level 5 spell: Blade Hands
 14857 | D:9      | Learned a level 1 spell: Beastly Appendage
 14862 | D:9      | Learned a level 4 spell: Ice Form
 15073 | D:10     | Entered Level 10 of the Dungeon
 15281 | D:10     | Reached skill level 1 in Transmutations
 15349 | D:10     | Reached skill level 13 in Unarmed Combat
 15428 | D:10     | Noticed Erolcha
 15429 | D:10     | Cast into level 2 of the Abyss (Erolcha)
 15472 | Abyss:2  | Noticed a bone dragon
 15490 | Abyss:2  | HP: 1/73 [bone dragon (21)]
 15490 | Abyss:2  | Mangled by a bone dragon

Illustrated notes

Levels and vault maps discovered:
D:1:      lightli_arrival_statuegarden, layout_basic, serial_bayou_crossing
D:2:      layout_rooms, lemuel_crystal_altar, corner_web_ring,
          grunt_decor_one_mirror, uniq_robin, uniq_jessica
D:3:      layout_basic, serial_forest, infiniplex_forest_straight_2,
          infiniplex_forest_clump_double, infiniplex_forest_lined_room_,
          infiniplex_forest_clump_medium, infiniplex_forest_clump_cross,
          infiniplex_forest_zigzag_1, gup_sewer_entry_glass, hex_tiny,
          kennysheep_decorative_pillar, uniq_ijyb
D:4:      layout_loops_corners, led_sif_pool, gammafunk_temple_overflow_claw,
          uniq_grinder, uniq_duvessa
D:5:      layout_rooms, uniq_prince_ribbit1
D:6:      layout_basic, old_standard_altar, minmay_temple_entry_slanted,
          nicolae_ossuary_entry_giza, minmay_small_thing
D:7:      lemuel_ice_statue, layout_cave_pools, uniq_joseph
D:8:      layout_rooms, chequers_temple_overflow_minitemple, special_room
          [special_room_orc], serial_corexii_hall, corexii_hall_statues_u,
          corexii_hall_statues_t, chequers_serial_rivers_room_a
D:9:      layout_rooms, dpeg_lair_monsters, minmay_alternating_orb, uniq_psyche,
          uniq_maggie
D:10:     layout_long_grid, erik_orc_3, serial_rivers,
          chequers_serial_rivers_small_3, chequers_serial_rivers_small_a,
          chequers_serial_rivers_room_b, chequers_serial_rivers_micro_a,
          uniq_erolcha
Abyss:2:  base:
D:9

Skill      XL: |  1  2  3  4  5  6  7  8  9 10 11 |
---------------+----------------------------------+-----
Unarmed Combat | 4 5 7 8 10 12 13 | 13.0
Fighting       | 4 5 6 7 8 10 | 10.6
Invocations    | 3 5 7 |  7.0
Transmutations | 1 |  1.3
Armour         | |  2.4
Shields        | |  2.4

Action                   |  1- 3 |  4- 6 |  7- 9 | 10-12 || total
-------------------------+-------+-------+-------+-------++-------
Melee: Unarmed           |   125 |   262 |   517 |   318 ||  1222
       Punch             |     3 |     3 |    29 |    24 ||    59
 Fire: Hunting sling     |       |       |    46 |       ||    46
       Fustibalus        |       |       |       |     6 ||     6
Throw: Dart              |       |       |    12 |     6 ||    18
Invok: Upheaval          |       |       |       |     2 ||     2
       Elemental Force   |       |       |       |     1 ||     1
Evoke: Wand              |       |       |       |     3 ||     3
  Use: Scroll            |     4 |     4 |    15 |     3 ||    26
       Potion            |     1 |     2 |     4 |     7 ||    14
 Stab: Invisible         |       |       |     3 |       ||     3
Armor: Scale mail        |    48 |    77 |   135 |    58 ||   318
       Plate armour      |       |       |       |    27 ||    27
Dodge: Dodged            |    53 |   147 |   178 |   139 ||   517
       Repelled          |       |       |       |     2 ||     2
Block: Other             |       |       |    18 |    46 ||    64

Table legend: (Time is in decaauts)
 A = Elapsed time spent in this place.
 B = Non-inter-level travel time spent in this place.
 C = Inter-level travel time spent in this place.
 D = Time resting spent in this place.
 E = Time spent auto-exploring this place.
 F = Levels seen in this place.
 G = Mean time per level.
                   A        B        C        D        E       F      G
               +--------+--------+--------+--------+--------+-----+--------+
         Total |  15416 |  14824 |    592 |   6018 |   6205 |  13 | 1185.8 |
       Dungeon |  14082 |  13490 |    592 |   5444 |   5777 |  10 | 1408.2 |
         Abyss |     60 |     60 |      0 |      0 |     34 |   1 |   60.0 |
         Sewer |    528 |    528 |      0 |    235 |    242 |   1 |  528.0 |
       Ossuary |    745 |    745 |      0 |    339 |    151 |   1 |  745.0 |
               +--------+--------+--------+--------+--------+-----+--------+

Top non-repeatable levels by time:
     D:8: 2623 daAuts
     D:4: 1881 daAuts
     D:2: 1811 daAuts
     D:1: 1483 daAuts
     D:5: 1456 daAuts
     D:6: 1186 daAuts
     D:9: 1177 daAuts
     D:7: 1100 daAuts
     D:3: 1011 daAuts
 Ossuary: 745 daAuts
   Sewer: 528 daAuts
    D:10: 349 daAuts
 Abyss:2: 60 daAuts
